 Dungeon Crawl Stone Soup version 0.18-a0-1347-gb9e2fb4 (webtiles) character file.

10653 M4edhros the Slinger (level 11, -1/67 HPs)
             Began as an Octopode Monk on Feb 18, 2016.
             Was a High Priest of Cheibriados.
             Slain by a minotaur skeleton (28 damage)
             ... in a labyrinth.
             The game lasted 00:35:08 (5486 turns).

M4edhros the Slinger (Octopode Monk)                Turns: 5486, Time: 00:35:08

Health: -1/67      AC:  3    Str: 24      XL:     11   Next: 65%
Magic:  11/11      EV: 26    Int: 27 (29) God:    Cheibriados [*****.]
Gold:   311        SH:  0    Dex: 30 (31) Spells: 1 memorised, 7 levels left

rFire  . . .     SeeInvis .       - Unarmed
rCold  . . .     Gourm    .     (no shield)
rNeg   + . .     Faith    .     m - +2 hat
rPois  +         Spirit   .     h - amulet of regeneration
rElec  .         Dismiss  .     w - +4 ring of intelligence
rCorr  .         Reflect  .     n - ring of stealth
SustAt .         Harm     .     A - ring of positive energy
MR     ++...                    (no ring)
Stlth  +++++++...               i - ring of protection from magic
                                k - +2 ring of evasion
                                (no ring)
                                (no ring)

@: very slow, very resistant to hostile enchantments, extremely stealthy
A: almost no armour, amphibious, 8 rings, constrict 8, antennae 1, tentacle
spike 1, camouflage 1, deterioration 1, magic resistance 1, poison resistance,
screaming 2, gelatinous body 1, subdued magic 2, MP-powered wands
a: Bend Time, Temporal Distortion, Slouch, Step From Time, Renounce Religion


You were in a labyrinth.
You worshipped Cheibriados.
Cheibriados was extremely pleased with you.
You were very hungry.

You visited 3 branches of the dungeon, and saw 14 of its levels.
You also visited: Labyrinth, Sewer and Ossuary.

You collected 588 gold pieces.
You spent 277 gold pieces at shops.

Inventory:

Hand Weapons
 a - a +1 hunting sling of flaming
Missiles
 c - 118 stones (quivered)
 v - 26 sling bullets
Armour
 m - a +2 hat (worn)
Jewellery
 h - an amulet of regeneration (around mantle)
 i - a ring of protection from magic (on tentacle)
 k - a +2 ring of evasion (on tentacle)
 n - a ring of stealth (right tentacle)
 u - an uncursed ring of fire
 w - a +4 ring of intelligence (left tentacle)
 A - a ring of positive energy (on tentacle)
Wands
 x - a wand of iceblast (2/15)
 B - a wand of iceblast (4/15)
Scrolls
 j - 2 scrolls of fear
 r - a scroll of teleportation
 s - a scroll of fog
 y - 2 scrolls of blinking
 z - a scroll of holy word
 D - a scroll of amnesia
 E - 2 scrolls of magic mapping
Potions
 o - a potion of flight
 q - 2 potions of resistance
 F - 2 potions of lignification
Books
 b - a book of Ice

   Spells                             Type                      Level
   a - Ice Form                       Ice/Transmutation            4
   b - Metabolic Englaciation         Hexes/Ice                    5
   c - Ozocubu's Refrigeration        Ice                          6
   d - Bolt of Cold                   Conjuration/Ice              6
   e - Freezing Cloud                 Conjuration/Ice/Air          6
   f - Simulacrum                     Ice/Necromancy               6
 G - a book of Necromancy

   Spells                             Type                      Level
   a - Pain                           Necromancy                   1
   b - Animate Skeleton               Necromancy                   1
   c - Vampiric Draining              Necromancy                   3
   d - Regeneration                   Charms/Necromancy            3
   e - Animate Dead                   Necromancy                   4
   f - Control Undead                 Necromancy                   4
Comestibles
 d - 2 bread rations
 g - a fruit
 t - 2 beef jerkies
 C - 2 meat rations
 H - a slice of pizza
 I - 3 chunks of flesh


   Skills:
 - Level 3.0 Fighting
 * Level 11.4 Slings
 + Level 9.4 Dodging
 - Level 7.0 Stealth
 + Level 9.6 Unarmed Combat
 + Level 2.8 Charms
 - Level 3.1 Necromancy


You had 7 spell levels left.
You knew the following spells:

 Your Spells              Type           Power        Failure   Level  Hunger
a - Regeneration          Chrm/Necr      #.........   2%          3    ####...


Dungeon Overview and Level Annotations

Branches:
Dungeon (12/15)            Temple (1/1) D:7            Lair (1/8) D:11
    Orc (0/2) D:12

Altars:
Ashenzari
Cheibriados
Dithmenos
Fedhas
Gozag
Kikubaaqudgha
Makhleb
Nemelex Xobeh
Pakellas
Qazlal
Ru
Sif Muna
Vehumet
Xom
Zin
The Shining One

Shops:
D:7 ?(   D:9 *   D:10 }   D:12 =

Annotations:
D:2 Robin
D:3 Ijyb; Natasha
D:4 M4edhros's ghost, amateur OpMo
D:8 Gastronok
D:9 Slowtrain's ghost, journeyman OpTm


Innate Abilities, Weirdness & Mutations

You cannot wear most types of armour.
You are amphibious.
You can wear up to eight rings at the same time.
You can use your tentacles to constrict eight enemies at once.
Your skin changes colour to match your surroundings (Stealth).
Your rubbery body absorbs attacks (AC +1).
You have a pair of small antennae on your head.
One of your tentacles bears a spike.
Your body sometimes deteriorates upon taking damage.
You are resistant to hostile enchantments.
Your system is resistant to poisons.
You sometimes yell uncontrollably at your foes.
Your spells are easier to cast, but less powerful.
You expend magic power (3 MP) to strengthen your wands.


Message History

Cheibriados thoroughly appreciates the change of pace.
Found 16 gold pieces and a scroll labeled KUSYKKAFREN.
A minotaur skeleton comes into view.
You tentacle-slap the minotaur skeleton but do no damage.
You grab the minotaur skeleton.
You pierce the minotaur skeleton, but do no damage.
You constrict the minotaur skeleton. The minotaur skeleton hits you.
The minotaur skeleton gores you!
You batter the minotaur skeleton!!
You pierce the minotaur skeleton, but do no damage.
You squeeze the minotaur skeleton. You constrict the minotaur skeleton.
The minotaur skeleton hits you! The minotaur skeleton gores you!
You bludgeon the minotaur skeleton!
You pierce the minotaur skeleton, but do no damage.
You tentacle-slap the minotaur skeleton.
You squeeze the minotaur skeleton. You constrict the minotaur skeleton!
You bludgeon the minotaur skeleton!
You pierce the minotaur skeleton, but do no damage.
You constrict the minotaur skeleton. The minotaur skeleton hits you!!
You die...

▓▓▓ ▓ ▓▓ ▓▓▓▓
▓▓ # ... ...
.# # ## # . .
. # # # .. .
## . # ## #
### # #. .# ..
# # #.# #
#####.##.###
#.. . # #.
#...Z.......
.###.# #.###
##@##.### #.
.. ....
#...$?.... #
### #
#.###.##.##...
# . .. #
#............
#.#. .##
##.#####.##.#.
#... . .#... .
..# ###
#.#.#.#.# # ##
#.#. #.#
###.#####


You could see a minotaur skeleton.

Vanquished Creatures
  The ghost of namelastname112 the Brilliant, a journeyman DrAr of Pakellas (D:12)
  A hill giant (D:11)
  An ugly thing (D:11)
  2 cyclopes
  A komodo dragon (D:11)
  4 slime creatures (D:12)
  A wyvern (D:12)
  A wraith (Ossuary)
  A basilisk (D:11)
  5 hippogriffs
  2 hungry ghosts
  A phantom (D:8)
  2 orc warriors
  2 sky beasts (D:6)
  3 ice beasts
  4 ogres
  A necrophage (D:11)
  10 centaurs
  3 big kobolds
  9 giant frogs
  3 scorpions
  A water moccasin skeleton (D:10)
  9 killer bees (D:8)
  14 wights
  6 crimson imps
  2 centaur zombies
  5 hounds
  2 quasits
  A jelly (D:5)
  2 giant frog skeletons
  9 orc priests
  2 centaur skeletons
  9 orc wizards
  2 iguanas
  12 worker ants
  A mummy (Ossuary)
  5 gnolls
  10 adders
  A river rat (Sewer)
  2 shadow imps
  3 oozes
  5 worms
  3 giant geckos
  34 orcs
  5 ball pythons (Sewer)
  6 giant cockroaches
  4 goblins
  3 hobgoblins
  8 jackals
  6 quokkas
  3 giant newts
  4 gnoll skeletons (Ossuary)
  6 kobolds
  2 kobold skeletons (Ossuary)
  18 orc skeletons (Ossuary)
  A quokka zombie (D:6)
  6 rats
  A rat zombie (D:6)
  A plant (D:11)
272 creatures vanquished.

Vanquished Creatures (others)
  A sky beast (D:5)
1 creature vanquished.

Grand Total: 273 creatures vanquished

Notes
Turn   | Place    | Note
--------------------------------------------------------------
     0 | D:1      | M4edhros the Octopode Monk began the quest for the Orb.
     0 | D:1      | Reached XP level 1. HP: 16/16 MP: 1/1
   118 | D:2      | Reached XP level 2. HP: 18/21 MP: 2/2
   143 | D:2      | Found an oddly glowing altar of Pakellas.
   155 | D:2      | Found a shadowy altar of Dithmenos.
   173 | D:2      | Noticed Robin
   335 | D:3      | Noticed Ijyb
   361 | D:3      | Reached XP level 3. HP: 14/26 MP: 3/3
   505 | D:4      | Reached XP level 4. HP: 23/31 MP: 4/4
   509 | D:4      | Noticed M4edhros's ghost (amateur OpMo)
   570 | D:3      | Found an opulent altar of Gozag.
   633 | D:3      | Found a shattered altar of Ashenzari.
   634 | D:3      | Noticed Natasha
   646 | D:3      | Found a glowing drain.
   657 | Sewer    | Entered a sewer
   711 | Sewer    | Noticed a big kobold
   725 | Sewer    | Killed a big kobold
   725 | Sewer    | Reached skill level 5 in Stealth
   725 | Sewer    | Reached skill level 5 in Unarmed Combat
   725 | Sewer    | Reached XP level 5. HP: 22/36 MP: 5/5
   832 | Sewer    | Noticed a big kobold
   859 | Sewer    | Killed a big kobold
   859 | Sewer    | Reached XP level 6. HP: 31/42 MP: 6/6
   921 | D:4      | Found a burning altar of Makhleb.
   966 | D:4      | Reached skill level 6 in Stealth
  1106 | D:4      | Reached skill level 1 in Slings
  1253 | D:4      | Reached XP level 7. HP: 43/46 MP: 7/7
  1406 | D:5      | Entered Level 5 of the Dungeon
  1416 | D:5      | Found a sparkling altar of Nemelex Xobeh.
  1417 | D:5      | Found an ancient bone altar of Kikubaaqudgha.
  1477 | D:5      | Reached skill level 5 in Dodging
  1607 | D:5      | Gained mutation: Your spells are a little easier to cast, but a little less powerful. [mutagenic meat]
  1608 | D:5      | Gained mutation: You are frail (-10% HP). [mutagenic meat]
  1609 | D:5      | Gained mutation: Your mind is acute. (Int +2) [mutagenic meat]
  1611 | D:5      | Gained mutation: Your system is resistant to poisons. [mutagenic meat]
  1663 | D:5      | Gained mutation: You occasionally shout uncontrollably at your foes. [potion of mutation]
  1672 | D:5      | Reached skill level 7 in Stealth
  1712 | D:5      | Gained mutation: One of your tentacles bears a spike. [potion of mutation]
  1712 | D:5      | Gained mutation: You sometimes yell uncontrollably at your foes. [potion of mutation]
  1984 | D:4      | Found a blossoming altar of Fedhas.
  2013 | D:5      | Reached XP level 8. HP: 31/46 MP: 8/8
  2103 | D:5      | Found a shattered altar of Ashenzari.
  2148 | D:4      | Reached skill level 5 in Slings
  2352 | D:6      | Reached XP level 9. HP: 7/50 MP: 9/9
  2430 | D:6      | Lost mutation: Your mind is acute. (Int +2) [mutagenic meat]
  2431 | D:6      | Gained mutation: You have a pair of small antennae on your head. [mutagenic meat]
  2495 | D:6      | Gained mutation: Your body sometimes deteriorates upon taking damage. [mutagenic meat]
  2497 | D:6      | Gained mutation: Your spells are easier to cast, but less powerful. [mutagenic meat]
  2498 | D:6      | Gained mutation: You expend magic power (3 MP) to strengthen your wands. [mutagenic meat]
  2574 | D:6      | Found a sand-covered staircase.
  2588 | Ossuary  | Entered an ossuary
  2631 | Ossuary  | Lost mutation: You are frail (-10% HP). [potion of mutation]
  2947 | D:7      | Found Uder's Antique Weapon Boutique.
  2963 | D:7      | Found Novemm's Magic Scroll Emporium.
  2971 | D:7      | Bought 3 scrolls of magic mapping for 157 gold pieces
  3012 | D:7      | Found a staircase to the Ecumenical Temple.
  3019 | Temple   | Entered the Ecumenical Temple
  3031 | Temple   | Became a worshipper of Cheibriados the Contemplative
  3031 | Temple   | Reached * piety under Cheibriados
  3031 | Temple   | Reached ** piety under Cheibriados
  3253 | D:8      | Reached skill level 8 in Slings
  3309 | D:8      | Reached XP level 10. HP: 39/63 MP: 10/10
  3364 | D:8      | Reached *** piety under Cheibriados
  3375 | D:8      | Reached skill level 9 in Slings
  3396 | D:8      | HP: 3/63 [poisoned by an orc wizard]
  3401 | D:8      | HP: 2/63 [poisoned by an orc wizard]
  3407 | D:8      | HP: 3/63 [poisoned by an orc wizard]
  3421 | D:8      | Noticed Gastronok
  3504 | D:8      | Identified a scroll of acquirement
  3657 | D:9      | Reached **** piety under Cheibriados
  3720 | D:9      | Learned a level 3 spell: Regeneration
  3817 | D:9      | Found Ixuintop's Assorted Antiques.
  3849 | D:9      | Noticed Slowtrain's ghost (journeyman OpTm)
  3938 | D:10     | Entered Level 10 of the Dungeon
  3952 | D:10     | Reached skill level 1 in Necromancy
  4221 | D:11     | Noticed a cyclops
  4226 | D:11     | Gained mutation: You are resistant to hostile enchantments. [potion of beneficial mutation]
  4259 | D:11     | Killed a cyclops
  4259 | D:11     | Reached skill level 10 in Slings
  4281 | D:11     | Noticed a brown ugly thing
  4295 | D:11     | Killed a brown ugly thing
  4322 | D:11     | Reached XP level 11. HP: 27/67 MP: 8/11
  4372 | D:10     | Found Zupt's Gadget Boutique.
  4479 | D:10     | Reached ***** piety under Cheibriados
  4740 | D:12     | Found a staircase to the Orcish Mines.
  4740 | D:12     | Noticed namelastname112's ghost (journeyman DrAr)
  4773 | D:12     | Killed namelastname112's ghost
  4773 | D:12     | Reached skill level 1 in Charms
  4808 | D:12     | Found Bugh's Jewellery Shop.
  4815 | D:12     | Bought a +2 ring of evasion for 120 gold pieces
  4833 | D:12     | Noticed a cyclops
  4844 | D:12     | Killed a cyclops
  4850 | D:12     | Noticed a tengu reaver
  4859 | D:12     | Noticed a deep troll earth mage
  4860 | D:12     | Noticed a great orb of eyes
  4959 | D:12     | Reached skill level 11 in Slings
  5006 | D:12     | HP: 1/67 [slime creature (21)]
  5273 | D:11     | Noticed a hill giant
  5284 | D:11     | Killed a hill giant
  5365 | D:11     | Found a staircase to the Lair.
  5390 | Lair:1   | Entered Level 1 of the Lair of Beasts
  5390 | Lair:1   | Found a labyrinth entrance.
  5402 | Lab      | Entered a labyrinth
  5486 | Lab      | Slain by a minotaur skeleton

Vault maps used:
D:1:      minmay_arrival_four_houses
D:2:      grunt_dithmenos_smoke, lemuel_round_altar, grunt_pakellas_mercury,
          uniq_robin
D:3:      overflow_temple_1_default, portal_sewer_entry_d, roderic_lattice_a,
          grunt_gozag_statues, uniq_iyjb, uniq_natasha
D:4:      fedhas_altar_3, kennysheep_little_box, yredelemnul_altar_generic
D:5:      nicolae_overflow_hidden_temple, first_bread, basic_altar
D:6:      enter_ossuary_4, feat_on_display
D:7:      lemuel_ratsnest, minmay_temple_entry_junction2, serial_shops, shop,
          shop, the_bakery, uniq_joseph
D:8:      boulder_corridor_run, grunt_tough_drop, uniq_gastronok
D:9:      serial_shops, kennysheep_mini, nemelex_spade_bored_becter, uniq_grum
D:10:     serial_shops, nicolae_shop_trees, kennysheep_boxes
D:11:     david_lair_shrubbed
D:12:     minmay_outward_triangles, orc_0_dummy, serial_shops, shop_fountains
Temple:   circular_temple_12
Lair:1:   lab_entry_generic, grunt_megastairs_4
Lab:      labyrinth_mini_lab, nicolae_lab_plus, lab_hedge, nicolae_lab_grate_2,
          nicolae_lab_arrow, nicolae_lab_swirl, labyrinth_skeletal_remains
Sewer:    sewer_co_15_rooms
Ossuary:  ossuary_due_mausoleum

Action                   |  1- 3 |  4- 6 |  7- 9 | 10-12 || total
-------------------------+-------+-------+-------+-------++-------
Melee: Unarmed           |    41 |   110 |   311 |   315 ||   777
 Fire: Hunting sling     |       |     1 |     4 |    73 ||    78
Throw: Stone             |       |     1 |     1 |     1 ||     3
 Cast: Regeneration      |       |       |       |     6 ||     6
Evoke: Wand              |       |       |       |     8 ||     8
  Use: Potion            |       |       |    14 |    10 ||    24
       Scroll            |       |       |     9 |    11 ||    20
 Stab: Sleeping          |     9 |    10 |     5 |     7 ||    31
       Distracted        |       |       |     1 |     2 ||     3
  Eat: Chunk             |       |     1 |    19 |     3 ||    23
       Pizza             |       |       |     1 |     1 ||     2
       Royal jelly       |       |       |       |     1 ||     1
